TOP OF THE 1ST |
Cleveland Indians batting - Pitching for California Angels : LHP Aldo Questi
|
Pitching: LHP Aldo Questi
|
|
Batting: LHB Arvin Dungca
|
0-0: Foul Ball, location: 2F 0-1: SINGLE (Groundball, 25, EV 68.1 MPH) (infield hit)
|
Batting: RHB Carlos Abrego
|
0-0: Ball 1-0: Swinging Strike 1-1: Called Strike 1-2: Ball 2-2: Ball 3-2: Foul Ball, location: 2F 3-2: Strikes out swinging
|
Batting: LHB Costodio Varino
|
0-0: Ball 1-0: Called Strike 1-1: Fly out, F8 (Flyball, 8RD, EV 98.8 MPH)
|
Batting: RHB Ryan Gautney
|
0-0: Ball 1-0: Swinging Strike 1-1: Called Strike 1-2: Strikes out looking
|
Top of the 1st over - 0 runs, 1 hit, 0 errors, 1 left on base; Cleveland 0 - California 0 |
BOTTOM OF THE 1ST |
California Angels batting - Pitching for Cleveland Indians : RHP Ben Cole
|
Pitching: RHP Ben Cole
|
|
Batting: RHB Nick Dunn
|
0-0: Called Strike 0-1: Ground out 6-3 (Groundball, 6, EV 96.9 MPH)
|
Batting: RHB Alain Delhaye
|
0-0: Ball 1-0: Foul Ball, location: 2F 1-1: Ball 2-1: SINGLE (Groundball, 6M, EV 110.0 MPH)
|
Batting: RHB Preston Deakyne
|
0-0: DOUBLE (Line Drive, 9LM, EV 98.1 MPH) Alain Delhaye to third Runner from 3rd tries for Home, SAFE, no throw by RF
|
Batting: LHB Micah Miller
|
0-0: Ball 1-0: Ball Preston Deakyne steals 3rd base 2-0: Ball 3-0: Base on Balls
|
Batting: LHB Javier Trujillo
|
0-0: Fly out, F9 (Flyball, 9, EV 88.1 MPH)
|
Batting: RHB Jasper Burd
|
0-0: Ball 1-0: Ball 2-0: Ball 3-0: Called Strike 3-1: Called Strike 3-2: Foul Ball, location: 2F 3-2: Foul Ball, location: 2F 3-2: Ground out 3-1 (Groundball, 34S, EV 66.9 MPH)
|
Bottom of the 1st over - 1 run, 2 hits, 0 errors, 2 left on base; Cleveland 0 - California 1 |
TOP OF THE 2ND |
Cleveland Indians batting - Pitching for California Angels : LHP Aldo Questi
|
Batting: LHB Tim Fuller
|
0-0: Foul Ball, location: 2F 0-1: Ground out 6-3 (Groundball, 6, EV 82.5 MPH)
|
Batting: LHB Jeremy DiGenova
|
0-0: Ball 1-0: Ground out 6-3 (Groundball, 6M, EV 80.6 MPH)
|
Batting: SHB Arturo Baez
|
0-0: Ball 1-0: SINGLE (Groundball, 4MD, EV 106.2 MPH)
|
Batting: RHB David Schweitzer
|
0-0: Foul Ball, location: 2F 0-1: Ball 1-1: Foul Ball, location: 2F 1-2: Ball 2-2: Strikes out swinging
|
Top of the 2nd over - 0 runs, 1 hit, 0 errors, 1 left on base; Cleveland 0 - California 1 |
BOTTOM OF THE 2ND |
California Angels batting - Pitching for Cleveland Indians : RHP Ben Cole
|
Batting: LHB Jack Bell
|
0-0: Foul Ball, location: 2F 0-1: Ball 1-1: Ball 2-1: Ground out 5-3 (Groundball, 5S, EV 63.1 MPH)
|
Batting: RHB Danny Odom
|
0-0: Ball 1-0: SINGLE (Groundball, 6MD, EV 103.1 MPH)
|
Batting: RHB Avery Maxwell
|
0-0: Called Strike Danny Odom steals 2nd base (no throw) 0-1: Fly out, F8 (Flyball, 8RS, EV 96.2 MPH)
|
Batting: RHB Nick Dunn
|
0-0: Ball 1-0: Ball 2-0: Ball 3-0: Base on Balls
|
Batting: RHB Alain Delhaye
|
0-0: Ball 1-0: Called Strike 1-1: SINGLE (Flyball, 8LS, EV 95.0 MPH) Danny Odom to third Nick Dunn to second Runner from 3rd tries for Home, throw by CF and OUT! 8-2
|
Bottom of the 2nd over - 0 runs, 2 hits, 0 errors, 2 left on base; Cleveland 0 - California 1 |
TOP OF THE 3RD |
Cleveland Indians batting - Pitching for California Angels : LHP Aldo Questi
|
Batting: LHB Devon Grant
|
0-0: Called Strike 0-1: Foul Ball, location: 2F 0-2: Ball 1-2: Foul Ball, location: 2F 1-2: Foul Ball, location: 2F 1-2: Ball 2-2: Strikes out swinging
|
Batting: LHB Arvin Dungca
|
0-0: Ball 1-0: Fly out, F6 (Flyball, 6D, EV 86.2 MPH)
|
Batting: RHB Carlos Abrego
|
0-0: Ball 1-0: Ground out 1-3 (Groundball, 13, EV 66.9 MPH)
|
Top of the 3rd over - 0 runs, 0 hits, 0 errors, 0 left on base; Cleveland 0 - California 1 |
BOTTOM OF THE 3RD |
California Angels batting - Pitching for Cleveland Indians : RHP Ben Cole
|
Batting: RHB Preston Deakyne
|
0-0: Ball 1-0: Ball 2-0: Ball 3-0: Called Strike 3-1: Base on Balls
|
Batting: LHB Micah Miller
|
0-0: Ball 1-0: Ball 2-0: Called Strike 2-1: Called Strike Preston Deakyne steals 2nd base 2-2: Ball 3-2: Base on Balls
|
Batting: LHB Javier Trujillo
|
0-0: Ball Preston Deakyne steals 3rd base Micah Miller to second 1-0: Swinging Strike 1-1: Ball 2-1: Foul Ball, location: 2F 2-2: Ball 3-2: SINGLE (Groundball, 23, EV 71.2 MPH) (infield hit)
|
Batting: RHB Jasper Burd
|
0-0: Called Strike 0-1: Ball 1-1: Ball 2-1: Ball 3-1: Called Strike 3-2: Fly out, F6 (Popup, 6MD, EV 68.8 MPH)
|
Batting: LHB Jack Bell
|
0-0: Ground out U3 (Groundball, 34S, EV 74.4 MPH) Preston Deakyne scores Micah Miller to third Javier Trujillo to second
|
Batting: RHB Danny Odom
|
0-0: Ball 1-0: Swinging Strike 1-1: Foul Ball, location: 2F 1-2: Ball 2-2: SINGLE (Groundball, 6MS, EV 67.5 MPH) (infield hit) Micah Miller scores Javier Trujillo to third
|
Batting: RHB Avery Maxwell
|
0-0: Ball 1-0: Ball 2-0: Fielders Choice at 2nd, 5-4 (Groundball, 56, EV 85.0 MPH)
|
Bottom of the 3rd over - 2 runs, 2 hits, 0 errors, 2 left on base; Cleveland 0 - California 3 |
TOP OF THE 4TH |
Cleveland Indians batting - Pitching for California Angels : LHP Aldo Questi
|
Batting: LHB Costodio Varino
|
0-0: Called Strike 0-1: Foul Ball, location: 2F 0-2: Strikes out swinging
|
Batting: RHB Ryan Gautney
|
0-0: Called Strike 0-1: Ball 1-1: Ground out 6-3 (Groundball, 6, EV 90.0 MPH)
|
Batting: LHB Tim Fuller
|
0-0: Called Strike 0-1: Ground out 4-3 (Groundball, 4, EV 78.8 MPH)
|
Top of the 4th over - 0 runs, 0 hits, 0 errors, 0 left on base; Cleveland 0 - California 3 |
BOTTOM OF THE 4TH |
California Angels batting - Pitching for Cleveland Indians : RHP Ben Cole
|
Batting: RHB Nick Dunn
|
0-0: Ball 1-0: Called Strike 1-1: Ball 2-1: Ball 3-1: Fly out, F8 (Flyball, 8LS, EV 81.9 MPH)
|
Batting: RHB Alain Delhaye
|
0-0: Foul Ball, location: 2F 0-1: SINGLE (Groundball, 25, EV 68.1 MPH) (infield hit)
|
Batting: RHB Preston Deakyne
|
0-0: Swinging Strike 0-1: Ball 1-1: Ball 2-1: Ball 3-1: Foul Ball, location: 2F 3-2: Fielders Choice at 2nd, 4-6 (Groundball, 4, EV 81.9 MPH)
|
Batting: LHB Micah Miller
|
0-0: Ball 1-0: Called Strike 1-1: Ball 2-1: Ground out 1-3 (Groundball, P, EV 66.9 MPH)
|
Bottom of the 4th over - 0 runs, 1 hit, 0 errors, 1 left on base; Cleveland 0 - California 3 |
TOP OF THE 5TH |
Cleveland Indians batting - Pitching for California Angels : LHP Aldo Questi
|
Pitching: RHP Mike Tallerico
|
|
Batting: LHB Jeremy DiGenova
|
0-0: Called Strike 0-1: Ball 1-1: Called Strike 1-2: Strikes out swinging
|
Batting: SHB Arturo Baez
|
0-0: Fly out, F8 (Flyball, 78D, EV 78.1 MPH)
|
Batting: RHB David Schweitzer
|
0-0: Called Strike 0-1: Ball 1-1: Called Strike 1-2: Fly out, F8 (Flyball, 8RM, EV 88.1 MPH)
|
Top of the 5th over - 0 runs, 0 hits, 0 errors, 0 left on base; Cleveland 0 - California 3 |
BOTTOM OF THE 5TH |
California Angels batting - Pitching for Cleveland Indians : RHP Ben Cole
|
Pitching: RHP Doug Frampton
|
|
Batting: LHB Javier Trujillo
|
0-0: Ball 1-0: DOUBLE (Line Drive, 7LS, EV 93.1 MPH)
|
Batting: RHB Jasper Burd
|
0-0: Called Strike 0-1: Fly out, F9 (Flyball, 9, EV 91.2 MPH)
|
Batting: LHB Jack Bell
|
0-0: Ball 1-0: SINGLE (Groundball, 34S, EV 66.9 MPH) (infield hit) Javier Trujillo to third
|
Batting: RHB Danny Odom
|
0-0: Called Strike 0-1: Ball 1-1: Swinging Strike 1-2: Strikes out swinging
|
Batting: RHB Avery Maxwell
|
0-0: Foul Ball, location: 2F 0-1: Fielders Choice at 2nd, 5-4 (Groundball, 5, EV 84.4 MPH)
|
Bottom of the 5th over - 0 runs, 2 hits, 0 errors, 2 left on base; Cleveland 0 - California 3 |
TOP OF THE 6TH |
Cleveland Indians batting - Pitching for California Angels : RHP Mike Tallerico
|
Batting: LHB Devon Grant
|
0-0: DOUBLE (Flyball, 8LXD, EV 101.2 MPH)
|
Batting: LHB Arvin Dungca
|
0-0: Swinging Strike 0-1: Foul Ball, location: 2F 0-2: Ball 1-2: Foul Ball, location: 2F 1-2: Fly out, F8 (Flyball, 8RXD, EV 96.2 MPH) Runner from 2nd tags up, SAFE at 3rd, no throw by CF
|
Batting: RHB Carlos Abrego
|
0-0: Ball 1-0: Foul Ball, location: 2F 1-1: Ball 2-1: Foul Ball, location: 2F 2-2: 2-RUN HOME RUN (Flyball, 7D, EV 105.6 MPH), Distance : 408 ft
|
Batting: LHB Costodio Varino
|
0-0: Ball 1-0: Ball 2-0: Called Strike 2-1: Swinging Strike 2-2: Ball 3-2: Strikes out swinging
|
Batting: RHB Ryan Gautney
|
0-0: SINGLE (Line Drive, 6M, EV 107.5 MPH)
|
Batting: LHB Tim Fuller
|
0-0: Foul Ball, location: 2F 0-1: Ball 1-1: Ball 2-1: Ground out U3 (Groundball, 3L, EV 103.8 MPH)
|
Top of the 6th over - 2 runs, 3 hits, 0 errors, 1 left on base; Cleveland 2 - California 3 |
BOTTOM OF THE 6TH |
California Angels batting - Pitching for Cleveland Indians : RHP Doug Frampton
|
Pinch Hitting: RHB Curt Earnest
|
0-0: Called Strike 0-1: Foul Ball, location: 2F 0-2: Ball 1-2: Hit by Pitch
|
Pinch Hitting: RHB Justin Lauderdale
|
0-0: Ball Curt Earnest steals 2nd base 1-0: 2-RUN HOME RUN (Flyball, 7LD, EV 96.2 MPH), Distance : 370 ft
|
Pinch Hitting: RHB Oren Jones
|
0-0: Called Strike 0-1: Ground out 1-3 (Groundball, 13S, EV 67.5 MPH)
|
Pinch Hitting: LHB Barrfhionn O'Toole
|
0-0: Ball 1-0: Ball 2-0: SOLO HOME RUN (Flyball, 9LD, EV 96.9 MPH), Distance : 352 ft
|
Pitching: RHP John Morrison
|
|
Pinch Hitting: RHB Jose Pineda
|
0-0: Ball 1-0: Swinging Strike 1-1: SINGLE (Line Drive, 4MD, EV 94.4 MPH)
|
Pinch Hitting: RHB Dietmar Warmisch
|
0-0: Ball 1-0: Called Strike 1-1: Foul Ball, location: 2F 1-2: Ball 2-2: Fly out, F6 (Popup, 56, EV 61.9 MPH)
|
Pinch Hitting: RHB Bjoern Waltersson
|
0-0: Ball 1-0: Swinging Strike 1-1: Ball 2-1: Reached on error, E5 (Groundball, 56, EV 85.6 MPH) Jose Pineda to second
|
Batting: RHB Mike Harkins
|
0-0: Called Strike 0-1: Foul Ball, location: 2F 0-2: Ball 1-2: Strikes out looking
|
Bottom of the 6th over - 3 runs, 3 hits, 1 error, 2 left on base; Cleveland 2 - California 6 |
BOTTOM OF THE 7TH |
California Angels batting - Pitching for Cleveland Indians : RHP John Morrison
|
Batting: RHB Avery Maxwell
|
0-0: Ball 1-0: Called Strike 1-1: Swinging Strike 1-2: Ball 2-2: Strikes out looking
|
Batting: RHB Curt Earnest
|
0-0: Called Strike 0-1: DOUBLE (Line Drive, 89M, EV 100.0 MPH)
|
Batting: RHB Justin Lauderdale
|
0-0: SINGLE (Line Drive, 8RS, EV 107.5 MPH) Curt Earnest to third
|
Batting: RHB Oren Jones
|
0-0: Ball 1-0: Ball 2-0: Ball 3-0: Base on Balls Justin Lauderdale to second
|
Batting: LHB Barrfhionn O'Toole
|
0-0: Fly out, F4 (Flyball, 34D, EV 96.9 MPH)
|
Batting: RHB Jose Pineda
|
0-0: Ball 1-0: Foul Ball, location: 2F 1-1: Swinging Strike 1-2: Ball 2-2: Foul Ball, location: 2F 2-2: Foul Ball, location: 2F 2-2: Foul Ball, location: 2F 2-2: Foul Ball, location: 2F 2-2: DOUBLE (Line Drive, 7LM, EV 95.6 MPH) Curt Earnest scores Justin Lauderdale scores Oren Jones to third
|
Batting: RHB Dietmar Warmisch
|
0-0: Ball 1-0: Foul Ball, location: 2F 1-1: Foul Ball, location: 2F 1-2: SINGLE (Groundball, 6MD, EV 98.8 MPH) Oren Jones scores Jose Pineda to third Runner from 3rd tries for Home, SAFE, throw by CF to home
|
Batting: RHB Bjoern Waltersson
|
0-0: Ball 1-0: Foul Ball, location: 2F 1-1: Ball 2-1: Fly out, F8 (Flyball, 8RD, EV 99.4 MPH)
|
Bottom of the 7th over - 4 runs, 4 hits, 0 errors, 1 left on base; Cleveland 2 - California 10 |
TOP OF THE 8TH |
Cleveland Indians batting - Pitching for California Angels : RHP Tyler Keenan
|
Batting: LHB Devon Grant
|
0-0: Swinging Strike 0-1: Ball 1-1: Foul Ball, location: 2F 1-2: Ball 2-2: Fly out, F7 (Flyball, 7S, EV 95.6 MPH)
|
Pinch Hitting: LHB John Harring
|
0-0: Ball 1-0: Ground out U3 (Groundball, 3, EV 103.8 MPH)
|
Pinch Hitting: RHB Drtian Thaqi
|
0-0: Ball 1-0: Ball 2-0: Called Strike 2-1: Ball 3-1: Swinging Strike 3-2: Fly out, F7 (Line Drive, 7D, EV 96.2 MPH)
|
Top of the 8th over - 0 runs, 0 hits, 0 errors, 0 left on base; Cleveland 2 - California 10 |
BOTTOM OF THE 8TH |
California Angels batting - Pitching for Cleveland Indians : RHP John Morrison
|
Now at 1B: Costodio Varino
|
|
Now at 3B: Drtian Thaqi
|
|
Now in LF: John Harring
|
|
Batting: RHB Mike Harkins
|
0-0: Swinging Strike 0-1: Called Strike 0-2: Strikes out swinging
|
Pitching: RHP Chris Anderson
|
|
Batting: RHB Avery Maxwell
|
0-0: Ball 1-0: Called Strike 1-1: Foul Ball, location: 2F 1-2: Ball 2-2: Ball 3-2: Foul Ball, location: 2F 3-2: Foul Ball, location: 2F 3-2: Foul Ball, location: 2F 3-2: Strikes out swinging
|
Batting: RHB Curt Earnest
|
0-0: Ground out 6-3 (Groundball, 6, EV 80.6 MPH)
|
Bottom of the 8th over - 0 runs, 0 hits, 0 errors, 0 left on base; Cleveland 2 - California 10 |
TOP OF THE 9TH |
Cleveland Indians batting - Pitching for California Angels : RHP Tyler Keenan
|
Pinch Hitting: SHB Mike Gross
|
0-0: Ball 1-0: Ball 2-0: Ground out 4-3 (Groundball, 4M, EV 93.1 MPH)
|
Batting: SHB Moe Lester
|
0-0: Ball 1-0: Foul Ball, location: 2F 1-1: Ground out 6-3 (Groundball, 4M, EV 105.6 MPH)
|
Pinch Hitting: LHB Kyle Schaible
|
0-0: Ball 1-0: Foul Ball, location: 2F 1-1: SINGLE (Line Drive, 8RS, EV 90.6 MPH)
|
Batting: LHB Jeremy DiGenova
|
0-0: Ball 1-0: SINGLE (Line Drive, 34D, EV 95.0 MPH) Kyle Schaible to second
|
Pinch Hitting: RHB Gashie Chimsima
|
0-0: Ball 1-0: Ball 2-0: Fly out, F4 (Popup, 4S, EV 78.1 MPH)
|
Top of the 9th over - 0 runs, 2 hits, 0 errors, 2 left on base; Cleveland 2 - California 10 |
|